 Dungeon Crawl Stone Soup version 0.22-a0-373-gab1296c (webtiles) character file.

127 iamserjio the Bolt Thrower (level 5, -1/30 HPs)
             Began as a Kobold Hunter on Apr 25, 2018.
             Slain by a worker ant (2 damage)
             ... on level 3 of the Dungeon.
             The game lasted 00:03:28 (2058 turns).

iamserjio the Bolt Thrower (Kobold Hunter)          Turns: 2058, Time: 00:03:29

Health: -1/30      AC:  4    Str: 10    XL:     5   Next: 33%
Magic:  5/5        EV: 16    Int: 12    God:
Gold:   126        SH:  0    Dex: 16    Spells: 4/4 levels left

rFire    . . .     SeeInvis .   a - +1 hand crossbow
rCold    . . .     Gourm    .   (shield restricted)
rNeg     . . .     Faith    .   c - +0 leather armour
rPois    .         Spirit   .   (no helmet)
rElec    .         Reflect  .   p - +0 cloak
rCorr    .         Harm     .   (no gloves)
MR       .....                  (no boots)
Stlth    ++........             (no amulet)
HPRegen  0.10/turn              (no ring)
MPRegen  0.09/turn              (no ring)

@: lethally poisoned (-1 -> -13)
A: small, carnivore
a: no special abilities


You were on level 3 of the Dungeon.
You were not hungry.

You visited 1 branch of the dungeon, and saw 3 of its levels.

You collected 126 gold pieces.

Inventory:

Hand Weapons
 a - a +1 hand crossbow (weapon)
 b - a +0 short sword
Missiles
 d - 10 bolts (quivered)
Armour
 c - a +0 leather armour (worn)
 p - a +0 cloak (worn)
 q - a +1 robe of cold resistance
Jewellery
 i - a +2 ring of intelligence {unknown}
Scrolls
 e - 3 scrolls of identify {unknown}
 g - a scroll of fear {unknown}
 h - 2 scrolls of enchant weapon {unknown}
 k - a scroll of magic mapping {unknown}
 m - a scroll of teleportation {unknown}
 o - a scroll of random uselessness {unknown}
 s - a scroll of remove curse {unknown}
Potions
 j - a potion of ambrosia {unknown}
 l - 5 potions of heal wounds {unknown}
 n - a potion of berserk rage {unknown}
 r - a potion of curing {unknown}
Comestibles
 f - 6 rations


   Skills:
 - Level 2.2 Fighting
 * Level 6.3 Crossbows
 + Level 1.6 Armour
 + Level 3.6 Dodging
 - Level 1.4 Stealth


You had 4 spell levels left.
You didn't know any spells.

Dungeon Overview and Level Annotations

Branches:
Dungeon (3/15)

Altars:
Fedhas
Gozag
Sif Muna
Wu Jian
Yredelemnul
The Shining One


Innate Abilities, Weirdness & Mutations

You are small and have problems with some larger weapons.
You are carnivorous and can eat meat at any time.


Message History

You feel sick.
You are too injured to fight recklessly!
You are too injured to fight recklessly!
Unknown command.
Firing (i - inventory)
d - 12 bolts (quivered)
Press: ? - help, Shift-Dir - straight line, f - worker ant
Aim: a worker ant (lightly wounded)
You shoot a bolt. The bolt closely misses the worker ant.
You feel sick. The worker ant bites you.
* * * LOW HITPOINT WARNING * * *
You are more poisoned.
The worker ant poisons you!
Firing (i - inventory)
d - 11 bolts (quivered)
Press: ? - help, Shift-Dir - straight line, f/p - worker ant
Aim: a worker ant (lightly wounded)
You shoot a bolt. The bolt hits the worker ant!
The worker ant is severely wounded.
* * * LOW HITPOINT WARNING * * *
You feel sick. The worker ant bites you.
You die...

≈≈P≈≈≈≈≈
≈≈≈≈≈≈≈≈≈≈≈≈≈♣P#
≈P≈≈≈≈
≈≈≈≈≈≈≈≈≈≈P≈≈≈≈≈#
♣≈P≈≈≈
≈≈≈≈≈≈≈≈≈≈≈≈≈P≈♣♣#
≈≈≈≈
≈≈≈≈≈≈≈≈≈P≈PP≈♣P#
≈PP≈
≈≈≈≈≈≈≈≈≈≈≈P≈♣≈.#
≈≈≈♣
≈≈≈≈≈≈≈P≈≈≈≈≈♣≈.#
♣♣≈♣
P≈≈≈≈≈≈≈≈♣≈≈♣♣..#
P≈P≈≈PP♣P♣♣##.##
♣♣≈≈♣a@.....#
##.†#..#w########
.........w.#
.......((#.#
.........#.#
.......... #
...$.....##
#####..(.# #...##


You could see a worm and a worker ant.

Vanquished Creatures
  A scorpion (D:3)
  2 adders
  3 oozes
  2 worms (D:2)
  A dart slug (D:2)
  A leopard gecko (D:3)
  An orc (D:3)
  7 bats
  3 giant cockroaches
  4 goblins
  A hobgoblin (D:1)
  3 jackals (D:3)
  2 kobolds
  A quokka (D:2)
  2 frilled lizards
  5 rats
39 creatures vanquished.

Notes
Turn   | Place    | Note
-------+----------+-------------------------------------------
     0 | D:1      | iamserjio the Kobold Hunter began the quest for the Orb.
     0 | D:1      | Reached XP level 1. HP: 12/12 MP: 1/1
   186 | D:1      | Reached skill level 5 in Crossbows
   357 | D:1      | Reached XP level 2. HP: 17/17 MP: 2/2
  1025 | D:2      | Found a glowing golden altar of the Shining One.
  1112 | D:2      | Reached XP level 3. HP: 21/21 MP: 3/3
  1182 | D:2      | Reached skill level 1 in Armour
  1298 | D:2      | Reached XP level 4. HP: 25/26 MP: 4/4
  1593 | D:3      | Reached skill level 6 in Crossbows
  1593 | D:3      | Reached XP level 5. HP: 30/30 MP: 5/5
  1887 | D:3      | Found a blossoming altar of Fedhas.
  1892 | D:3      | Found an opulent altar of Gozag.
  1898 | D:3      | Found an ornate altar of the Wu Jian Council.
  1898 | D:3      | Found a basalt altar of Yredelemnul.
  1907 | D:3      | Found a deep blue altar of Sif Muna.
  2058 | D:3      | HP: 1/30 [poisoned by a worker ant]
  2058 | D:3      | Slain by a worker ant

Vault maps used:
D:1:      arrival_zaba_pyramid, serial_park_tiny_1
D:2:      lemuel_coloured_pillars_altar, serial_glass, glass_columns_c,
          glass_columns_b, glass_columns_a, glass_columns_c, glass_columns_a,
          glass_columns_b, kennysheep_generic_room_2
D:3:      minmay_overflow_temple_star_hex, serial_bayou_lake_a

Skill      XL: |  1  2  3  4 |
---------------+-------------+-----
Crossbows      | 5 6 |  6.3
Dodging        | 3 |  3.6
Armour         | 1 |  1.6
Fighting       | |  2.2
Stealth        | |  1.4

Action                   |  1- 3 |  4- 6 || total
-------------------------+-------+-------++-------
 Fire: Hand crossbow     |    40 |    41 ||    81
  Eat: Chunk             |       |     6 ||     6
Armor: Leather armour    |     2 |     3 ||     5
Dodge: Dodged            |     2 |    19 ||    21

Table legend:
 A = Spawn XP
 B = Non-spawn XP
 C = Spawn XP percentage of total XP
 D = Spawn monster count
 E = Non-spawn monster count
 F = Spawn count percentage of total count
 G = Total turns spent on level
                    A         B        C        D         E        F      G
               +---------+---------+-------+---------+---------+-------+---------
         Total |       0 |     182 |   0.0 |       0 |      39 |   0.0 |  2058
               +---------+---------+-------+---------+---------+-------+---------
           D:1 |       0 |      24 |   0.0 |       0 |      11 |   0.0 |   946
           D:2 |       0 |      51 |   0.0 |       0 |      15 |   0.0 |   614
           D:3 |       0 |     107 |   0.0 |       0 |      13 |   0.0 |   498
               +---------+---------+-------+---------+---------+-------+---------
